 Dungeon Crawl Stone Soup version 0.18-a0-1745-gffa9a88 (webtiles) character file.

5615 inmateoo the Cleaver (level 10, -7/78 HPs)
             Began as a Minotaur Necromancer on Apr 12, 2016.
             Was an Elder of Okawaru.
             Mangled by an ogre
             ... wielding a +0 giant spiked club
              (19 damage)
             ... on level 9 of the Dungeon.
             The game lasted 00:14:33 (9961 turns).

inmateoo the Cleaver (Minotaur Necromancer)         Turns: 9961, Time: 00:14:34

Health: -7/78      AC: 19    Str: 14 (16) XL:     10   Next: 45%
Magic:  12/12      EV:  7    Int: 11 (12) God:    Okawaru [****..]
Gold:   458        SH:  7    Dex: 10 (11) Spells: 1 memorised, 8 levels left

rFire  + . .     SeeInvis +     J - +0 morningstar (protect)
rCold  . . .     Gourm    .     u - +0 chain mail
rNeg   . . .     Faith    .     w - +0 buckler
rPois  +         Spirit   .     (helmet unavailable)
rElec  +         Dismiss  .     E - +0 cloak
rCorr  .         Reflect  +     (no gloves)
SustAt .         Harm     .     d - +0 pair of boots
MR     .....     Clarity  +     y - amulet "Yskeq" {Reflect rElec rPois Slay+5 SH+2 Stlth-}
Stlth  ..........               z - ring of protection from fire
                                D - ring of see invisible

@: not resistant to hostile enchantments, extremely unstealthy
A: retaliatory headbutt, fangs 1, horns 3, rugged brown scales 1, clarity, frail
1, slow regeneration 2
a: Heroism, Renounce Religion


You were on level 9 of the Dungeon.
You worshipped Okawaru.
Okawaru was greatly pleased with you.
You were very hungry.

You visited 2 branches of the dungeon, and saw 10 of its levels.

You collected 506 gold pieces.
You spent 48 gold pieces at shops.

Inventory:

Hand Weapons
 o - a +0 hand axe
 q - a +2 short sword of venom
 J - a +0 morningstar of protection (weapon)
Armour
 d - a +0 pair of boots (worn)
 u - a +0 chain mail (worn)
 w - a +0 buckler (worn)
 E - a +0 cloak (worn)
Jewellery
 y - the amulet "Yskeq" (around neck) {Reflect rElec rPois Slay+5 SH+2 Stlth-}
   (You found it on level 4 of the Dungeon)

   [amulet of reflection]

   It shields you and reflects attacks.
   It affects your accuracy and damage with ranged weapons and melee attacks
   (+5).
   It insulates you from electricity.
   It protects you from poison.
   It affects your SH (+2).
   It makes you less stealthy.
 z - a ring of protection from fire (right hand)
 D - a ring of see invisible (left hand)
Wands
 k - a wand of confusion (33/48)
 F - a wand of confusion (23/48)
 I - a wand of slowing (22/48)
 O - a wand of polymorph (15/24)
Scrolls
 a - 2 scrolls of enchant armour
 i - 3 scrolls of enchant weapon
 m - 2 scrolls of recharging
 n - 2 scrolls of teleportation
 p - a scroll of amnesia
 r - 2 scrolls of remove curse
 B - a scroll of fear
 K - a scroll of magic mapping
Potions
 e - a potion of agility
 g - a potion of lignification
 h - 2 potions of resistance
 j - 2 potions of degeneration
 l - a potion of might
 s - 3 potions of curing
 v - a potion of ambrosia
 x - a potion of haste {unknown}
 A - 3 potions of flight
 G - a potion of magic
 P - a potion of berserk rage {unknown}
Books
 b - a book of Necromancy

   Spells                             Type                      Level
   a - Pain                           Necromancy                   1
   b - Animate Skeleton               Necromancy                   1
   c - Vampiric Draining              Necromancy                   3
   d - Regeneration                   Charms/Necromancy            3
   e - Animate Dead                   Necromancy                   4
   f - Control Undead                 Necromancy                   4
 L - a book of Enchantments

   Spells                             Type                      Level
   a - Cause Fear                     Hexes                        4
   b - Yara's Violent Unravelling     Hexes/Transmutation          5
   c - Silence                        Hexes/Air                    5
   d - Deflect Missiles               Charms/Air                   6
   e - Haste                          Charms                       6
   f - Discord                        Hexes                        8
 M - a book of the Tempests

   Spells                             Type                      Level
   a - Static Discharge               Conjuration/Air              3
   b - Lightning Bolt                 Conjuration/Air              5
   c - Fireball                       Conjuration/Fire             5
   d - Tornado                        Air                          9
   e - Shatter                        Earth                        9
 N - a Young Poisoner's Handbook

   Spells                             Type                      Level
   a - Sting                          Conjuration/Poison           1
   b - Cure Poison                    Poison                       2
   c - Mephitic Cloud                 Conjuration/Poison/Air       3
   d - Olgreb's Toxic Radiance        Poison                       4
   e - Venom Bolt                     Conjuration/Poison           5
Comestibles
 c - 6 bread rations
 f - 5 fruits
 t - 4 meat rations
 C - 9 beef jerkies
 H - 2 royal jellies


   Skills:
 + Level 6.7 Fighting
 * Level 13.2 Axes
 + Level 7.1 Armour
 - Level 2.1 Dodging
 - Level 1.5 Stealth
 + Level 5.1 Shields
 - Level 1.3 Spellcasting
 - Level 2.9 Necromancy
 + Level 4.4 Invocations


You had 8 spell levels left.
You knew the following spells:

 Your Spells              Type           Power        Failure   Level  Hunger
b - Regeneration          Chrm/Necr      #.........   100%        3    ####...


Dungeon Overview and Level Annotations

Branches:
Dungeon (9/15)             Temple (1/1) D:5             Orc (0/2) D:9
   Lair: D:8-11

Altars:
Ashenzari
Cheibriados
Elyvilon
Fedhas
Gozag
Kikubaaqudgha
Nemelex Xobeh
Okawaru
Pakellas
Qazlal
Ru
Sif Muna
Trog
Vehumet
Yredelemnul
Zin
The Shining One

Shops:
D:2 *   D:9 !

Annotations:
D:9 Maurice


Innate Abilities, Weirdness & Mutations

You reflexively headbutt those who attack you in melee.
You have a pair of large horns on your head.
You have very sharp teeth.
You are partially covered in rugged brown scales (AC +1, +3% HP).
You possess an exceptional clarity of mind.
You are frail (-10% HP).
You do not regenerate naturally when monsters are visible.


Message History

The gnoll sergeant hits you with a spear.
* * * LOW HITPOINT WARNING * * *
You puncture the gnoll sergeant!
Your headbutt misses the gnoll sergeant.
The gnoll sergeant is almost dead.
You sock the gnoll sergeant!
You kill the gnoll sergeant!
Okawaru accepts your kill.
Items here: ))))) [[[[[ † An ogre comes into view.
It is wielding a giant spiked club.
The ogre shouts!
There is an open door here.
You sock the ogre!
The ogre is moderately wounded.
You feel like a meek peon again. The ogre barely misses you.
You puncture the ogre!
The ogre is almost dead.
The ogre hits you with a giant spiked club!!
You die...

#...........#
#..†........#
#...†.......#
............#########
.....................
..............#######.#
...............)).....#
.......>......###'#####
..†.(.........#8@..8#
..............#.O...#
.###########..#..>..#
.'.........#..#.....#
.#.........#..#8...8#
.+.........#..#######
.#.........# ..
.#.........#......
.#'######+##......


You could see an ogre.

Vanquished Creatures
  A hill giant (D:7)
  Joseph (D:7)
  2 trolls (D:9)
  Sigmund (D:5)
  A wyvern (D:9)
  Eustachio (D:5)
  A sky beast (D:8)
  A black bear (D:8)
  3 necrophages (D:8)
  An ice beast (D:6)
  3 orc warriors (D:9)
  2 phantoms
  7 ogres
  A centaur (D:8)
  2 big kobolds
  2 giant frogs
  3 gnoll sergeants (D:9)
  A wyvern zombie (D:8)
  2 scorpions
  7 killer bees
  3 wights (D:8)
  2 howler monkeys (D:8)
  2 crimson imps
  3 giant frog zombies (D:5)
  A centaur zombie (D:9)
  4 hounds
  4 orc priests
  A giant frog skeleton (D:7)
  4 orc wizards
  A centaur skeleton (D:4)
  A gnoll shaman (D:5)
  4 iguanas
  5 worker ants
  A killer bee zombie (D:8)
  A hound zombie (D:8)
  2 worker ant zombies
  9 gnolls
  3 adders
  An adder skeleton (D:4)
  2 adder zombies
  4 worms
  4 dart slugs
  4 giant geckos
  23 orcs
  2 ball pythons
  7 bats
  5 giant cockroaches
  10 goblins
  5 hobgoblins
  3 jackals (D:2)
  8 kobolds
  4 quokkas
  A giant gecko skeleton (D:8)
  2 giant gecko zombies
  5 giant newts
  A jackal skeleton (D:5)
  8 rats
193 creatures vanquished.

Notes
Turn   | Place    | Note
--------------------------------------------------------------
     0 | D:1      | inmateoo the Minotaur Necromancer began the quest for the Orb.
     0 | D:1      | Reached XP level 1. HP: 14/14 MP: 1/1
    79 | D:1      | Reached skill level 1 in Fighting
   296 | D:1      | Reached skill level 1 in Armour
   335 | D:1      | Reached XP level 2. HP: 23/23 MP: 3/3
  1090 | D:1      | Reached XP level 3. HP: 24/29 MP: 4/4
  2153 | D:2      | Found Gozag's Platinum Reserve.
  2240 | D:2      | Found an opulent altar of Gozag.
  2261 | D:2      | Reached XP level 4. HP: 21/37 MP: 3/5
  2457 | D:2      | Learned a level 3 spell: Regeneration
  2510 | D:2      | Found a radiant altar of Vehumet.
  2767 | D:2      | You fall through a shaft for 2 floors!
  2822 | D:4      | Noticed an ogre
  2893 | D:3      | Noticed a big kobold
  2913 | D:3      | Killed a big kobold
  2913 | D:3      | Reached skill level 3 in Axes
  2913 | D:3      | Reached XP level 5. HP: 24/44 MP: 2/6
  3071 | D:3      | Reached skill level 4 in Axes
  3324 | D:3      | Gained mutation: You are partially covered in rugged brown scales (AC +1, +3% HP). [potion of mutation]
  3324 | D:3      | Gained mutation: You regenerate slowly when monsters are visible. [potion of mutation]
  3324 | D:3      | Gained mutation: You have a pair of large horns on your head. [potion of mutation]
  3467 | D:3      | Gained mutation: You do not regenerate naturally when monsters are visible. [potion of mutation]
  3467 | D:3      | Gained mutation: You are frail (-10% HP). [potion of mutation]
  3641 | D:3      | Noticed an ogre
  3643 | D:3      | Reached skill level 5 in Axes
  4298 | D:3      | Killed an ogre
  4298 | D:3      | Reached XP level 6. HP: 23/46 MP: 5/7
  4629 | D:4      | Reached skill level 6 in Axes
  5037 | D:4      | Got a wavering crystal amulet
  5224 | D:5      | Entered Level 5 of the Dungeon
  5301 | D:5      | Reached skill level 7 in Axes
  5357 | D:5      | Identified the amulet "Yskeq" {Reflect rElec rPois Slay+5 SH+2 Stlth-} (You found it on level 4 of the Dungeon)
  5379 | D:5      | Noticed Sigmund
  5385 | D:5      | Found a staircase to the Ecumenical Temple.
  5392 | Temple   | Entered the Ecumenical Temple
  5509 | Temple   | Became a worshipper of Warmaster Okawaru
  5527 | D:5      | Killed Sigmund
  5527 | D:5      | Reached skill level 8 in Axes
  5527 | D:5      | Reached XP level 7. HP: 31/52 MP: 8/8
  5896 | D:5      | Reached * piety under Okawaru
  5896 | D:5      | Reached skill level 9 in Axes
  6005 | D:5      | Gained mutation: You possess an exceptional clarity of mind. [potion of mutation]
  6144 | D:5      | Reached XP level 8. HP: 54/57 MP: 9/9
  6188 | D:5      | Noticed Eustachio
  6211 | D:5      | Killed Eustachio
  6211 | D:5      | Reached skill level 10 in Axes
  6541 | D:5      | Reached skill level 11 in Axes
  6904 | D:6      | Found a blossoming altar of Fedhas.
  6918 | D:6      | Found a basalt altar of Yredelemnul.
  6921 | D:6      | Found a white marble altar of Elyvilon.
  6924 | D:6      | Found a sacrificial altar of Ru.
  6992 | D:6      | Reached skill level 1 in Shields
  7024 | D:6      | Found a bloodstained altar of Trog.
  7025 | D:6      | Found a shattered altar of Ashenzari.
  7241 | D:6      | Found a deep blue altar of Sif Muna.
  7329 | D:7      | Noticed a hill giant
  7448 | D:7      | Reached skill level 1 in Invocations
  7541 | D:7      | Reached ** piety under Okawaru
  7573 | D:7      | Noticed Joseph
  7593 | D:7      | Killed Joseph
  7593 | D:7      | Reached XP level 9. HP: 48/66 MP: 10/10
  7781 | D:7      | Killed a hill giant
  7781 | D:7      | Reached *** piety under Okawaru
  7781 | D:7      | Reached skill level 5 in Armour
  8037 | D:7      | Reached skill level 12 in Axes
  8104 | D:7      | Found a snail-covered altar of Cheibriados.
  8368 | D:8      | Identified a scroll of acquirement
  8369 | D:8      | Got a pair of dazzling gloves
  8375 | D:8      | Identified the +2 pair of gloves of the Fiend {rPois rN+ Slay-3 Stlth+} (You acquired it on level 8 of the Dungeon)
  8679 | D:8      | Reached skill level 5 in Fighting
  8894 | D:8      | Gained mutation: You have very sharp teeth. [mutagenic meat]
  9124 | D:9      | Noticed Maurice
  9178 | D:9      | Reached **** piety under Okawaru
  9187 | D:9      | Reached XP level 10. HP: 47/76 MP: 11/11
  9258 | D:9      | Found Elefreid's Distillery.
  9266 | D:9      | Bought a potion of curing for 48 gold pieces
  9890 | D:9      | Found a staircase to the Orcish Mines.
  9900 | D:9      | Reached skill level 13 in Axes
  9916 | D:9      | Reached skill level 5 in Shields
  9961 | D:9      | Mangled by an ogre

Vault maps used:
D:1:      tarquinn_simple_flora_water_b
D:2:      wad_lake_hut, lemuel_round_altar, nicolae_gozag_zags_fifth_avenue
D:3:      serial_glass, glass_columns_a, glass_columns_c
D:4:      first_bread
D:5:      minmay_temple_entry_junction2, gup_sewer_entry_bowl, uniq_sigmund,
          uniq_eustachio
D:6:      lemuel_blue_sif_altar, grunt_temple_overflow_cloverleaf,
          grunt_temple_overflow_open
D:7:      grunt_ogre_cave, cheibriados_altar_wand_db, uniq_joseph
D:8:      black_bear_nest_1, serial_undead, serial_undead_a, serial_undead_c,
          serial_undead_a, serial_undead_f, serial_undead_d, serial_undead_d
D:9:      kennysheep_orc_monster_closet_entryway, serial_shops, shop,
          minmay_variable_closet, uniq_maurice
Temple:   nicolae_temple_x_marks_the_god

Skill      XL: |  1  2  3  4  5  6  7  8  9 10 |
---------------+-------------------------------+-----
Fighting       | 1 2 4 5 6 |  6.7
Armour         | 1 2 3 4 6 7 |  7.1
Axes           | 3 5 8 9 11 12 13 | 13.2
Shields        | 2 4 5 |  5.1
Invocations    | 2 3 4 |  4.4
Dodging        | |  2.1
Stealth        | |  1.5
Spellcasting   | |  1.3
Necromancy     | |  2.9

Action                   |  1- 3 |  4- 6 |  7- 9 | 10-12 || total
-------------------------+-------+-------+-------+-------++-------
Melee: Unarmed           |   194 |    11 |       |       ||   205
       Hand axe          |       |   151 |   236 |       ||   387
       Morningstar       |       |       |    99 |    83 ||   182
Invok: Heroism           |       |       |       |     2 ||     2
Evoke: Wand              |       |       |     2 |       ||     2
  Use: Scroll            |     8 |     9 |     7 |       ||    24
       Potion            |       |     6 |     1 |     3 ||    10
 Stab: Sleeping          |     2 |       |       |       ||     2
       Confused          |       |       |     2 |       ||     2
  Eat: Chunk             |     4 |     6 |    10 |     3 ||    23
       Pizza             |       |     1 |       |       ||     1
       Meat ration       |       |     1 |       |       ||     1
